 Dungeon Crawl Stone Soup version 0.31-a0-430-gf8416d752b (webtiles) character file.

Game seed: 1382731106288947630

3 Anathary the Ruffian (level 1, 0/18 HPs)
             Began as a Naga Shapeshifter on July 30, 2023.
             Slain by a frilled lizard (3 damage)
             ... on level 1 of the Dungeon.
             The game lasted 00:00:14 (32 turns).

Anathary the Ruffian (Naga Shapeshifter)              Turns: 32, Time: 00:00:15

Health: 0/18       AC:  1    Str: 17    XL:     1   Next: 50%
Magic:  1/1        EV:  9    Int:  8    God:
Gold:   0          SH:  0    Dex: 11    Spells: 0/0 levels left

rFire   . .          .
                       - Unarmed
rCold   . . .        (no shield)
rNeg    . . .        a - +0 animal skin
rPois   +            (helmet currently unavailable)
rElec   .            (cloak currently unavailable)
rCorr   .            (gloves currently unavailable)
SInv    +            (no barding)
Will    .....        (no amulet)
Stlth   +            (no ring)
HPRegen 0.23/turn    (no ring)
MPRegen 0.07/turn

%: no passive effects
@: beast-form, very slow
A: beast (slay +2), AC +0, large, see invisible, deformed body, poison
resistance, slowness 2, spit poison 1, naga tail 1
a: Spit Poison, Begin Untransformation


You were on level 1 of the Dungeon.
You were a hulking beast.
You visited 1 branch of the dungeon, and saw 1 of its levels.

Inventory:

Armour
 a - a +0 animal skin (worn)
Talismans
 c - a beast talisman (active)
Scrolls
 d - a scroll of noise {unknown}
Potions
 b - a potion of lignification
 e - a potion of brilliance {unknown}


   Skills:
 + Level 1.0 Fighting
 + Level 1.5 Dodging
 + Level 3.2 Unarmed Combat
 + Level 3.0 Shapeshifting


You couldn't memorise any spells.
You didn't know any spells.
Your spell library was empty.

Dungeon Overview and Level Annotations

Branches:
Dungeon (1/15)

Altars:


Innate Abilities, Weirdness & Mutations

You are a hulking beast.
Your limbs bulge with bestial killing power. (Slay +2)
Your serpentine skin is tough. (AC +0)
You have supernaturally acute eyesight. (SInv)
Armour fits poorly on your strangely shaped body.
Your system is resistant to poisons. (rPois)
You cover ground very slowly.
You can spit poison.
You have a snake-like lower body.


Message History

Found a scroll labelled TOZO YMATOSH and a viscous inky potion.
Found a staircase leading out of the dungeon.
Why would you want to do that?
You enter the shallow water.
d - a scroll labelled TOZO YMATOSH
e - a viscous inky potion 2 frilled lizards and an endoplasm come into view.
The endoplasm quivers. 2 frilled lizards come into view.
The endoplasm jiggles.
A frilled lizard comes into view.
The frilled lizard hisses angrily.
The endoplasm freezes you.
You are frozen.
The endoplasm closely misses you.
The frilled lizard hisses angrily.
You hit the endoplasm. You punch the endoplasm.
You kill the endoplasm!
You hit the frilled lizard.
You kill the frilled lizard!
The frilled lizard bites you. x3
You miss the frilled lizard. The frilled lizard bites you.
The frilled lizard barely misses you. The frilled lizard bites you.
You hit the frilled lizard.
You kill the frilled lizard!
The frilled lizard bites you. The frilled lizard bites you.
The frilled lizard bites you but does no damage.
You hit the frilled lizard.
You kill the frilled lizard!
The frilled lizard closely misses you. The frilled lizard bites you.
* * * LOW HITPOINT WARNING * * *
The frilled lizard attacks as you move away!
The frilled lizard closely misses you.
You barely miss the frilled lizard. The frilled lizard bites you.
* * * LOW HITPOINT WARNING * * *
The frilled lizard bites you.
* * * LOW HITPOINT WARNING * * *
You closely miss the frilled lizard. The frilled lizard closely misses you.
The frilled lizard bites you.
You die...

......#.#.#.#.# # ....
.....#.#.#.#.## ....
......#.#.#.#.# ....#
..#..#.#.#.#.#####...#
###...#######........#
#... #....##..## . #..
#....##...#.# #..
#............ #.
#...h#....... ##
#...ll.....#
##.#..~~~~...
.....~~~~~..#
##.#..~~~~~~.#
......~~~~~~.#
........~~~~..#
##...........##
........#.###


You could see 2 frilled lizards.

Vanquished Creatures
  An endoplasm (D:1)
  3 frilled lizards (D:1)
4 creatures vanquished.

Notes
Turn   | Place    | Note
-------+----------+-------------------------------------------
     0 | D:1      | Anathary the Naga Shapeshifter began the quest for the Orb.
     0 | D:1      | Reached XP level 1. HP: 18/18 MP: 1/1
    32 | D:1      | Slain by a frilled lizard

Illustrated notes

Levels and vault maps discovered:
D:1:      ncdulo_watergridlock, layout_rooms, minmay_lizard_pond

Action                     || total
---------------------------++-------
  Melee: Unarmed           ||     7
         Punch             ||     1
 Armour: Animal skin       ||     1
  Dodge: Dodged            ||     5

Table legend: (Time is in decaauts)
 A = Elapsed time spent in this place.
 B = Non-inter-level travel time spent in this place.
 C = Inter-level travel time spent in this place.
 D = Time resting spent in this place.
 E = Time spent auto-exploring this place.
 F = Levels seen in this place.
 G = Mean time per level.
                   A        B        C        D        E       F      G
               +--------+--------+--------+--------+--------+-----+--------+
         Total |     41 |     41 |      0 |      0 |     14 |   1 |   41.0 |
       Dungeon |     41 |     41 |      0 |      0 |     14 |   1 |   41.0 |
               +--------+--------+--------+--------+--------+-----+--------+

Top non-repeatable levels by time:
     D:1: 41 daAuts
